Unix NetHack Version 3.7.0-101 Work-in-progress - last build Mar 4 2024 02:26:32 (3c4ac04b664b9ee0831c739617f054b5b60dbfd1,branch:master). Game began 2024-03-17 15:17:11, ended 2024-03-17 15:50:58. tromix, lawful male human Priest ...h. ..).)- .<.... ..... ... Tromix the Acolyte St:10 Dx:14 Co:14 In:14 Wi:18 Ch:10 Lawful Dlvl:5 $:34 HP:0(39) Pw:56(56) AC:7 Xp:4 T:1540 Latest messages: The kitten misses the jackal. The kitten misses the jackal. You miss the jackal. The jackal bites! The jackal misses! The kitten misses the jackal. The kitten bites the jackal. The jackal is killed! The jackal attacks a spot beside you. The kitten eats a jackal corpse. You kill the jackal! j - a food ration (2 in total). You swap places with your kitten. There is an open door here. You see here a jackal corpse. You stop. Your kitten is in the way! You hear water falling on coins. You find a hidden passage. The kitten eats a jackal corpse. You attack thin air. You miss the iguana. You kill the iguana! Welcome to experience level 4. You see here an iguana corpse. There is an iguana corpse here; eat it? [ynq] (n) y This iguana corpse is stringy. You finish eating the iguana corpse. You descend the stairs. You are hit by a stout spear. You miss the dwarf. The dwarf thrusts his broad short sword. The dwarf misses! You miss the dwarf. You miss the dwarf. The dwarf thrusts his broad short sword. The dwarf hits! You hit the dwarf. The dwarf thrusts his broad short sword. The dwarf hits! You miss the dwarf. You are hit by a crossbow bolt. You are hit by a crossbow bolt! You miss the dwarf. You are almost hit by a crossbow bolt. You are hit by a crossbow bolt. The dwarf thrusts his broad short sword. The dwarf hits! You die... Do you want your possessions identified? [ynq] (y) y Do you want to see your attributes? [ynq] (y) q Inventory: Coins $ - 34 gold pieces Weapons a - a blessed +1 mace (weapon in right hand) Armor B - a +0 orcish helm (being worn) c - a +0 small shield (being worn) r - a cursed -1 oilskin cloak b - a burnt +0 robe (being worn) Comestibles e - 2 cloves of garlic E - a cram ration j - 2 food rations f - a sprig of wolfsbane Scrolls F - a scroll of amnesia C - a cursed scroll of fire u - a scroll of identify p - 2 scrolls of light z - a scroll of scare monster Spellbooks h - a spellbook of detect monsters g - a spellbook of healing m - a spellbook of healing x - a spellbook of levitation w - a spellbook of light Potions n - a potion of blindness q - a potion of healing d - 4 potions of holy water Tools i - a magic marker (0:19) Gems/Stones v - a garnet stone y - a worthless piece of black glass o - a worthless piece of red glass Tromix the Priest's attributes: Background: You were an Acolyte, a level 4 human Priest. You were lawful, nominally on a mission for Ptah who was opposed by Thoth (neutral) and Anhur (chaotic). You were right-handed. You were in the Gnomish Mines, on level 5. You entered the dungeon 1540 turns ago. You had 81 experience points, 79 more were needed to attain level 5. Basics: You had 0 out of 39 hit points. You had all 56 energy points (spell power). Your armor class was 7. Your wallet contained 34 zorkmids. Autopickup was off. Final Characteristics: Your strength was 10 (limit:18/100). Your dexterity was 14 (limit:18). Your constitution was 14 (limit:18). Your intelligence was 14 (limit:18). Your wisdom was 18 (limit:18). Your charisma was 10 (limit:18). Final Status: You weren't hungry. You were unencumbered. You were wielding a mace. You had basic skill with mace. Final Attributes: You were devoutly aligned. You were invisible. You were guarded. You are dead. Miscellaneous: You disabled loading of bones levels. Total elapsed playing time was 33 minutes and 47 seconds. Major events: Turn 1: tromix the lawful human Priest entered the dungeon 1130: attained the rank of Acolyte (level 3) 1529: entered the Gnomish Mines 1540: killed by a dwarf Vanquished creatures: 2 werejackals 2 iguanas 2 coyotes a hobgoblin a red mold 9 jackals a kobold 3 goblins 4 lichens 9 newts 34 creatures vanquished. No species were genocided or became extinct. Voluntary challenges: You were an atheist. You were illiterate. You never engraved Elbereth. You never genocided any monsters. You never polymorphed an object. You never changed form. You used no wishes. Achievements: You entered a shop. You attained the rank of Acolyte. You entered the Gnomish Mines. The Dungeons of Doom: levels 1 to 5 Level 1: A fountain. Level 2: Level 3: A grave. Level 4: Some fountains. Stairs down to The Gnomish Mines. Level 5: The Gnomish Mines: Level 5: <- You were here. Final resting place for you, killed by a dwarf. Game over: ---------- / \ / REST \ / IN \ / PEACE \ / \ | tromix | | 34 Au | | killed by a | | dwarf | | | | | | 2024 | *| * * * | * _________)/\\_//(\/(/\)/\//\/|_)_______ Goodbye tromix the Priest... You died in The Gnomish Mines on dungeon level 5 with 555 points, and 34 pieces of gold, after 1540 moves. You were level 4 with a maximum of 39 hit points when you died.